 Dungeon Crawl Stone Soup version 0.23.2-33-g5129a83 (webtiles) character file.

Game seed: 2376976221684771895

6542 Birdy the Fighter (level 11, 0/78 HPs)
             Began as a Formicid Gladiator on July 3, 2019.
             Was a High Priest of Zin.
             Slain by Joseph
             ... wielding a +5 quarterstaff of protection
              (21 damage)
             ... on level 7 of the Dungeon.
             The game lasted 00:22:47 (11518 turns).

Birdy the Fighter (Formicid Gladiator)             Turns: 11518, Time: 00:22:47

Health: 0/78       AC: 20    Str: 22    XL:     11   Next: 20%
Magic:  15/15      EV: 12    Int: 20    God:    Zin [*****.]
Gold:   435        SH:  6    Dex: 17    Spells: 9/10 levels left

rFire    . . .     SeeInvis +   l - +0 lajatang
rCold    . . .     Gourm    .   n - +0 buckler
rNeg     . . .     Faith    .   E - +1 plate armour of Xeimebaku {MR+ rCorr Str-5 Int+3}
rPois    .         Spirit   .   (helmet unavailable)
rElec    .         Reflect  .   (no cloak)
rCorr    +         Harm     .   p - +1 pair of gloves of Knowledge {Dex+5}
MR       ++...                  x - +2 pair of boots of the Wilderness {Str+3 Int+4 Stlth+}
Stlth    ..........             (no amulet)
HPRegen  0.23/turn              f - ring of flight
MPRegen  0.14/turn              u - ring of resist corrosion

@: mighty
A: permanent stasis, dig shafts and tunnels, four strong arms, antennae 3,
hooves 1, clever 1, frail 1, sturdy frame 1
a: Dig, Shaft Self, Recite, Vitalisation, Imprison, Sanctuary, Donate Gold,
Renounce Religion, Evoke Flight


You were on level 7 of the Dungeon.
You worshipped Zin.
Zin was extremely pleased with you.
You were not hungry.

You visited 2 branches of the dungeon, and saw 10 of its levels.

You collected 699 gold pieces.
You spent 195 gold pieces at shops.
You donated 69 gold pieces to Zin.

Inventory:

Hand Weapons
 a - a +0 quarterstaff
 l - a +0 lajatang (weapon)
Missiles
 c - 3 throwing nets (quivered)
 h - 3 tomahawks
 j - 2 poisoned tomahawks
 A - 7 javelins of returning
Armour
 n - a +0 buckler (worn)
 p - the +1 pair of gloves of Knowledge (worn) {Dex+5}
   (You found it on level 9 of the Dungeon)

   It affects your dexterity (+5).
 x - the +2 pair of boots of the Wilderness (worn) {Str+3 Int+4 Stlth+}
   (You found it on level 9 of the Dungeon)

   It affects your strength (+3).
   It affects your intelligence (+4).
   It makes you more stealthy.
 C - a +0 large shield
 E - the +1 plate armour of Xeimebaku (worn) {MR+ rCorr Str-5 Int+3}
   (You found it on level 6 of the Dungeon)

   It affects your strength (-5).
   It affects your intelligence (+3).
   It affects your resistance to hostile enchantments.
   It provides partial protection from all sources of acid and corrosion.
Jewellery
 f - a ring of flight (left hand)
 q - an uncursed ring of ice
 r - an uncursed ring of ice
 u - a ring of resist corrosion (right hand)
Wands
 o - a wand of digging (4)
 v - a wand of iceblast (2)
 w - a wand of flame (20)
Scrolls
 b - a scroll of amnesia
 i - 3 scrolls of remove curse
 k - a scroll of immolation
 y - 2 scrolls of fear
 z - a scroll of magic mapping
 D - a scroll of enchant armour
 F - 5 scrolls of identify
Potions
 e - a potion of flight
 g - a potion of cancellation
 m - a potion of brilliance
 s - a potion of heal wounds
 t - 2 potions of curing
Comestibles
 d - 15 rations


   Skills:
 * Level 8.4 Fighting
 + Level 5.8 Staves
 - Level 2.0 Throwing
 * Level 8.0 Armour
 * Level 7.3 Dodging
 * Level 7.7 Shields
 - Level 2.1 Summonings
 * Level 6.5 Invocations


You had 9 spell levels left.
You knew the following spells:

 Your Spells              Type           Power        Failure   Level  Hunger
a - Summon Butterflies    Summ           #.......     56%         1    ##.....

Your spell library contained the following spells:

 Spells                   Type           Power        Failure   Level  Hunger
 Summon Small Mammal      Summ           #...         56%         1    ##.....
 Call Imp                 Summ           #.......     71%         2    ###....
 Recall                   Summ/Tloc      N/A          97%         3    ####...
 Summon Forest            Summ/Tloc      #.........   100%        5    ######.
 Malign Gateway           Summ/Tloc      #.........   100%        7    #######


Dungeon Overview and Level Annotations

Branches:
Dungeon (9/15)             Temple (1/1) D:5
   Lair: D:8-11         Orc: D:9-12

Altars:
Ashenzari
Cheibriados
Dithmenos
Elyvilon
Fedhas
Gozag
Hepliaklqana
Kikubaaqudgha
Makhleb
Nemelex Xobeh
Okawaru
Qazlal
Ru
Sif Muna
Trog
Uskayaw
Vehumet
Wu Jian
Xom
Yredelemnul
Zin
The Shining One

Shops:
D:8 :(

Annotations:
D:6 1 runed translucent door
D:7 Joseph


Innate Abilities, Weirdness & Mutations

You cannot be hasted, slowed, berserked, paralysed or teleported.
You can dig through walls and to a lower floor.
Your four strong arms can wield two-handed weapons with a shield.
You have a pair of large antennae on your head. (SInv)
You have large cloven feet.
Your mind is acute. (Int +2)
You are frail. (-10% HP)
Your movements are slightly less encumbered by armour. (ER -2)


Message History

Joseph hits you with a +5 quarterstaff of protection!!
You hit Joseph.
Joseph is moderately wounded.
You block Joseph's attack.
Your plate armour of Xeimebaku prevents you from hitting Joseph.
Joseph is moderately wounded.
Joseph hits you with a +5 quarterstaff of protection.
Your plate armour of Xeimebaku prevents you from hitting Joseph.
Joseph is moderately wounded.
Joseph barely misses you.
Your plate armour of Xeimebaku prevents you from hitting Joseph.
Joseph is moderately wounded.
Joseph hits you with a +5 quarterstaff of protection!
You feel very mighty all of a sudden.
Joseph hits you with a +5 quarterstaff of protection!
* * * LOW HITPOINT WARNING * * *
Your plate armour of Xeimebaku prevents you from hitting Joseph.
Joseph is lightly wounded.
Joseph hits you with a +5 quarterstaff of protection!!
You die...

##.#.....#####
.............[.
##.###.#.#####.
##...(...# #.
######.### #.# ####
# ##'## # .. ...# #
##...## #.#. ...# #
##.....## #...#@..#
###.......## ##@#.#
##†........####....#
.'..>......'.......#
##†........####....#
##.......## ##.#.#
##.....## ###.#
##...## .# ##'## .#
#.#########


You could see Joseph.

Vanquished Creatures
  Erica (D:8)
  2 two-headed ogres (D:8)
  The ghost of coldmage the Grappler, a novice TrMo (D:6)
  A steam dragon (D:6)
  A water moccasin (D:9)
  2 black bears
  2 phantoms
  An ice beast (D:6)
  3 sky beasts
  4 ogres
  An eye of draining (D:8)
  2 orc warriors (D:9)
  A centaur (D:8)
  4 bullfrogs
  Blork the orc (D:4)
  A wyvern skeleton (D:9)
  4 scorpions
  3 wights (D:7)
  A howler monkey (D:9)
  7 crimson imps
  A centaur zombie (D:9)
  7 jellies
  A quasit (D:7)
  3 hounds
  2 gnoll shamans
  A bullfrog skeleton (D:9)
  An orc priest (D:9)
  A centaur skeleton (D:9)
  Jessica (D:2)
  Natasha (thrice) (D:3)
  5 iguanas
  8 orc wizards
  6 worker ants
  A hound zombie (D:9)
  2 worker ant zombies
  8 gnolls
  A howler monkey skeleton (D:5)
  12 adders
  10 oozes
  2 adder zombies
  An adder skeleton (D:8)
  4 worms
  3 dart slugs (D:1)
  8 leopard geckos
  29 orcs
  5 bats
  10 giant cockroaches
  7 goblins
  9 hobgoblins
  14 jackals
  12 kobolds
  3 quokkas
  2 ball pythons
  10 frilled lizards
  A jackal skeleton (D:4)
  A jackal zombie (D:5)
  A leopard gecko zombie (D:6)
  A quokka zombie (D:6)
  8 rats
248 creatures vanquished.

Vanquished Creatures (others)
  An orc (D:6)
  2 fungi (D:2)
  6 toadstools (D:2)
9 creatures vanquished.

Grand Total: 257 creatures vanquished

Notes
Turn   | Place    | Note
-------+----------+-------------------------------------------
     0 | D:1      | Birdy the Formicid Gladiator began the quest for the Orb.
     0 | D:1      | Reached XP level 1. HP: 16/16 MP: 1/1
    85 | D:1      | Reached XP level 2. HP: 20/23 MP: 2/2
   219 | D:1      | Reached skill level 1 in Armour
   550 | D:1      | Reached XP level 3. HP: 22/28 MP: 3/3
  1506 | D:2      | Reached XP level 4. HP: 22/35 MP: 4/4
  1624 | D:2      | Found a sacrificial altar of Ru.
  1626 | D:2      | Noticed Jessica
  1640 | D:2      | Gained mutation: Your mind is acute. (Int +2) [potion of
                  | mutation]
  1640 | D:2      | Gained mutation: You have large cloven feet. [potion of
                  | mutation]
  1640 | D:2      | Gained mutation: You are frail. (-10% HP) [potion of
                  | mutation]
  1640 | D:2      | Gained mutation: Your movements are slightly less
                  | encumbered by armour. (ER -2) [potion of mutation]
  1643 | D:2      | Killed Jessica
  2087 | D:2      | Reached XP level 5. HP: 33/36 MP: 5/5
  2515 | D:2      | Reached XP level 6. HP: 12/43 MP: 6/6
  3365 | D:3      | Noticed a +0 dagger
  3365 | D:3      | Noticed a +0 hand axe
  3508 | D:3      | Found a hide-covered altar of Uskayaw.
  3695 | D:3      | Noticed Natasha
  3701 | D:3      | Killed Natasha
  3794 | D:3      | Noticed Natasha
  3798 | D:3      | Killed Natasha
  3814 | D:3      | Noticed Natasha
  3822 | D:3      | Killed Natasha
  3822 | D:3      | Reached skill level 1 in Shields
  3867 | D:4      | Found an ancient bone altar of Kikubaaqudgha.
  3868 | D:4      | Found a blossoming altar of Fedhas.
  3868 | D:4      | Found a bloodstained altar of Trog.
  3869 | D:4      | Found a white marble altar of Elyvilon.
  3888 | D:4      | Reached XP level 7. HP: 49/49 MP: 7/7
  4139 | D:4      | Noticed Blork the orc
  4151 | D:4      | Killed Blork the orc
  4433 | D:5      | Entered Level 5 of the Dungeon
  4594 | D:5      | Reached skill level 5 in Fighting
  4942 | D:5      | Reached XP level 8. HP: 44/55 MP: 8/8
  5564 | D:5      | Reached skill level 5 in Dodging
  5788 | D:5      | Found a staircase to the Ecumenical Temple.
  5978 | Temple   | Entered the Ecumenical Temple
  6029 | Temple   | Became a worshipper of Zin the Law-Giver
  6029 | Temple   | Reached * piety under Zin
  6147 | D:6      | Reached skill level 5 in Armour
  6168 | D:6      | Reached skill level 1 in Invocations
  6491 | D:6      | You fall through a shaft for 3 floors!
  6639 | D:9      | Reached XP level 9. HP: 36/62 MP: 10/10
  7081 | D:9      | Got a pair of pitted boots
  7106 | D:9      | Reached ** piety under Zin
  7106 | D:9      | Reached *** piety under Zin
  7124 | D:9      | Identified the +2 pair of boots of the Wilderness {Str+3
                  | Int+4 Stlth+} (You found it on level 9 of the Dungeon)
  7232 | D:9      | Reached **** piety under Zin
  7258 | D:9      | Reached skill level 5 in Shields
  7537 | D:9      | Got a pair of smoking gloves
  7543 | D:9      | Identified the +1 pair of gloves of Knowledge {Dex+5} (You
                  | found it on level 9 of the Dungeon)
  8129 | D:9      | Reached skill level 5 in Staves
  8133 | D:9      | Identified Qorgh's Reference Book on Calling
  8137 | D:9      | Learned a level 1 spell: Summon Butterflies
  8370 | D:8      | Noticed a two-headed ogre
  8380 | D:8      | Noticed Erica
  8383 | D:8      | Noticed a cyclops
  8384 | D:8      | Killed a two-headed ogre
  8384 | D:8      | Reached skill level 1 in Summonings
  8384 | D:8      | Reached XP level 10. HP: 31/71 MP: 13/13
  9115 | D:8      | Found Fehentay's Weapon Emporium.
  9122 | D:8      | Noticed a two-headed ogre
  9125 | D:8      | Bought a +0 lajatang for 195 gold pieces
  9206 | D:8      | Killed a two-headed ogre
  9206 | D:8      | Reached skill level 5 in Invocations
  9597 | D:8      | Killed Erica
  9886 | D:8      | Found Wuaqayke's Book Boutique.
  9893 | D:8      | Found an ornate altar of the Wu Jian Council.
 10165 | D:6      | Found a sparkling altar of Nemelex Xobeh.
 10321 | D:6      | Found a runed translucent door.
 10323 | D:6      | Noticed coldmage's ghost (novice TrMo)
 10341 | D:6      | Reached XP level 11. HP: 73/77 MP: 15/15
 10360 | D:6      | Killed coldmage's ghost
 10709 | D:6      | Got a translucent plate armour
 10720 | D:6      | Identified the +1 plate armour of Xeimebaku {MR+ rCorr
                  | Str-5 Int+3} (You found it on level 6 of the Dungeon)
 10754 | D:6      | Found a runed translucent door.
 11186 | D:6      | Reached ***** piety under Zin
 11508 | D:7      | Noticed Joseph
 11518 | D:7      | Slain by Joseph

Skill      XL: |  1  2  3  4  5  6  7  8  9 10 11 |
---------------+----------------------------------+-----
Armour         | 1 2 3 4 5 6 7 8 |  8.0
Dodging        | 3 4 5 6 7 |  7.3
Fighting       | 3 4 5 6 7 8 |  8.4
Shields        | 1 2 4 6 7 |  7.7
Staves         | 4 5 |  5.8
Invocations    | 2 4 5 6 |  6.5
Summonings     | 1 2 |  2.1
Throwing       | |  2.0

Action                   |  1- 3 |  4- 6 |  7- 9 | 10-12 || total
-------------------------+-------+-------+-------+-------++-------
Melee: Quarterstaff      |    79 |   204 |   475 |    46 ||   804
       Kick              |       |    58 |    63 |       ||   121
       Lajatang          |       |       |       |   230 ||   230
Invok: Recite            |       |       |    10 |     6 ||    16
       Vitalisation      |       |       |     1 |     5 ||     6
 Abil: Shaft Self        |       |       |     1 |       ||     1
Evoke: Wand              |       |       |     4 |       ||     4
  Use: Potion            |       |     4 |     7 |     2 ||    13
       Scroll            |       |     7 |     5 |     4 ||    16
 Stab: Sleeping          |     1 |       |       |       ||     1
       Confused          |       |       |     2 |       ||     2
       Invisible         |       |       |     3 |     1 ||     4
  Eat: Chunk             |       |     9 |     9 |     4 ||    22
       Ration            |       |       |     2 |     2 ||     4
Armor: Leather armour    |    19 |     6 |       |       ||    25
       Chain mail        |       |    92 |   174 |       ||   266
       Plate armour      |       |       |    25 |   141 ||   166
Dodge: Dodged            |    53 |    95 |   207 |   147 ||   502
Block: Buckler           |       |     9 |   113 |   100 ||   222
